 Dungeon Crawl Stone Soup version 0.29-a0-559-g359e09b9d1 (webtiles) character file.

Game seed: 1678971156909775120

112 Essalna the Insei (level 4, -2/37 HPs)
             Began as a Draconian Transmuter on June 10, 2022.
             Slain by Duvessa
             ... wielding a +0 short sword
              (4 damage)
             ... on level 4 of the Dungeon.
             The game lasted 00:05:42 (3012 turns).

Essalna the Insei (Draconian Transmuter)            Turns: 3012, Time: 00:05:43

Health: -2/37      AC:  5    Str: 12    XL:     4   Next: 64%
Magic:  5/7        EV: 12    Int: 15    God:
Gold:   137        SH:  0    Dex: 12    Spells: 6/7 levels left

rFire   . . .      SeeInvis .     - Unarmed
rCold   . . .      Faith    .   (no shield)
rNeg    . . .      Spirit   .   (body armour unavailable)
rPois   .          Reflect  .   (helmet currently unavailable)
rElec   .          Harm     .   (no cloak)
rCorr   .          Rampage  .   (no gloves)
Will    .....                   (boots currently unavailable)
Stlth   +.........              (no amulet)
HPRegen 0.12/turn               (no ring)
MPRegen 0.10/turn               (no ring)

@: appendages
A: horns 2, talons 2, AC +5, unfitting armour, cold-blooded
a: End Transformation


You were on level 4 of the Dungeon.
You had temporarily grown beastly horns and talons.
You visited 1 branch of the dungeon, and saw 4 of its levels.

You collected 137 gold pieces.

Inventory:

Armour
 d - a +0 pair of boots
Scrolls
 c - 3 scrolls of identify
Potions
 a - a potion of lignification
 e - a potion of mutation
 f - a potion of attraction


   Skills:
 + Level 2.6 Fighting
 + Level 2.7 Dodging
 + Level 3.7 Unarmed Combat
 - Level 2.0 Spellcasting
 + Level 2.9 Transmutations


You had 6 spell levels left.
You knew the following spells:

 Your Spells              Type           Power      Damage    Failure   Level
a - Beastly Appendage     Tmut           20%        N/A       7%          1

Your spell library contained the following spells:

 Spells                   Type           Power      Damage    Failure   Level
 Wereblood                Tmut           10%        N/A       10%         2
 Spider Form              Tmut/Pois      5%         N/A       36%         3
 Ice Form                 Ice/Tmut       5%         N/A       77%         4


Dungeon Overview and Level Annotations

Branches:
Dungeon (4/15)
 Temple: D:4-7

Altars:

Shops:
D:3 :

Annotations:
D:4 Dowan, Duvessa


Innate Abilities, Weirdness & Mutations

You have temporarily grown beastly horns and talons.
Your plain brown scales are hard. (AC +5)
You cannot fit into any form of body armour.
You are cold-blooded and may be slowed by cold attacks.


Message History

Duvessa attacks as you move away! Duvessa misses you.
Your horns disappear.
Your talons disappear.
As you read the scroll labelled JURGHU NUIP, it crumbles to dust.
You feel aware of your surroundings.
It was a scroll of magic mapping.
Duvessa hits you but does no damage. x2
Casting: Beastly Appendage (safe; 7% risk of failure)
Confirm with . or Enter, or press ? or * to list all spells.
You grow a pair of large bovine horns.
Your feet morph into talons.
Duvessa hits you with a +0 short sword.
It was a potion of attraction.
You feel attractive to monsters. Duvessa hits you with a +0 short sword.
Duvessa barely misses you.
It was a potion of cancellation.
Your magical effects are unravelling.
You feel magically purged.
Your horns disappear.
Your talons disappear.
Duvessa hits you with a +0 short sword.
* * * LOW HITPOINT WARNING * * *
You feel less attractive to monsters.
Okay, then.
You feel better.
Duvessa is no longer moving quickly.
Duvessa hits you with a +0 short sword. Duvessa hits you with a +0 short sword!
* * * LOW HITPOINT WARNING * * *
You feel better. Duvessa misses you.
Casting: Beastly Appendage (safe; 7% risk of failure)
Confirm with . or Enter, or press ? or * to list all spells.
You grow a pair of large bovine horns.
Your feet morph into talons.
Duvessa completely misses you.
You barely miss Duvessa. You claw Duvessa, but do no damage.
Your headbutt misses Duvessa.
Duvessa is heavily wounded.
Duvessa closely misses you.
You hit Duvessa. Your kick misses Duvessa.
Duvessa is heavily wounded.
Duvessa hits you with a +0 short sword!
* * * LOW HITPOINT WARNING * * *
You hit Duvessa. You claw Duvessa, but do no damage. You headbutt Duvessa.
Duvessa is severely wounded.
Duvessa hits you with a +0 short sword.
You die...

############
*#######.o...§oe@§#
,.......e########§#
*####....##### *.# *
#.#.e....#***.#** **
#,##.###.#*,,..,*
,****,*#.#
*,**,,..,****
,,,,,,*#.#
*,,,,,...,,,*******
,,*****#o#
*,,*,,...**,,,,,,,****
*.##***#.#
*****************,,,,,


You could see Duvessa and an orc.

Vanquished Creatures
  A gnoll (D:4)
  3 adders
  A worm (D:2)
  5 dart slugs
  An orc (D:4)
  5 bats
  3 endoplasms (D:2)
  3 giant cockroaches
  9 goblins
  7 hobgoblins
  5 quokkas
  3 ball pythons
  3 frilled lizards
  6 kobolds
  4 rats
59 creatures vanquished.

Notes
Turn   | Place    | Note
-------+----------+-------------------------------------------
     0 | D:1      | Essalna the Draconian Transmuter began the quest for the
                  | Orb.
     0 | D:1      | Reached XP level 1. HP: 16/16 MP: 3/3
   178 | D:1      | Reached XP level 2. HP: 23/23 MP: 3/5
  1238 | D:2      | Reached XP level 3. HP: 29/29 MP: 4/6
  2127 | D:3      | Found Rushaoz's Book Boutique.
  2141 | D:3      | Reached XP level 4. HP: 31/37 MP: 7/7
  2730 | D:4      | Noticed a scorpion
  2979 | D:4      | Noticed Dowan
  2980 | D:4      | Noticed Duvessa
  3012 | D:4      | Slain by Duvessa

Illustrated notes

Levels and vault maps discovered:
D:1:      mrwooster_arrival_statue_3, layout_basic
D:2:      layout_basic
D:3:      layout_rooms, serial_shops, shop
D:4:      layout_loops_ring, gammafunk_ghost_split, minmay_fractal_squares_5,
          uniq_duvessa, uniq_crazy_yiuf_cottage

Skill      XL: |  1  2  3 |
---------------+----------+-----
Dodging        | 2 |  2.7
Fighting       | 2 |  2.6
Unarmed Combat | |  3.7
Spellcasting   | |  2.0
Transmutations | |  2.9

Action                   |  1- 3 |  4- 6 || total
-------------------------+-------+-------++-------
Melee: Unarmed           |   102 |    51 ||   153
       Kick              |    23 |    15 ||    38
       Headbutt          |    10 |     7 ||    17
       Tailslap          |    11 |     5 ||    16
       Punch             |     1 |       ||     1
 Cast: Beastly Appendage |    34 |    11 ||    45
  Use: Potion            |       |     6 ||     6
       Scroll            |       |     5 ||     5
 Stab: Sleeping          |     2 |       ||     2
Armor: Skin              |    33 |    14 ||    47
Dodge: Dodged            |    59 |    46 ||   105

Table legend: (Time is in decaauts)
 A = Elapsed time spent in this place.
 B = Non-inter-level travel time spent in this place.
 C = Inter-level travel time spent in this place.
 D = Time resting spent in this place.
 E = Time spent auto-exploring this place.
 F = Levels seen in this place.
 G = Mean time per level.
                   A        B        C        D        E       F      G
               +--------+--------+--------+--------+--------+-----+--------+
         Total |   3004 |   2914 |     90 |      0 |   2518 |   4 |  751.0 |
       Dungeon |   3004 |   2914 |     90 |      0 |   2518 |   4 |  751.0 |
               +--------+--------+--------+--------+--------+-----+--------+

Top non-repeatable levels by time:
     D:1: 1203 daAuts
     D:2: 920 daAuts
     D:3: 798 daAuts
     D:4: 82 daAuts
